 Dungeon Crawl Stone Soup version 0.29-a0-82-g837932c90e (webtiles) character file.

7 AttackBeaver the Ruffian (level 1, 22/22 HPs)
             Began as a Troll Berserker on Aug 17, 2015.
             Was a Follower of Trog.
             Quit the game on level 2 of the Dungeon on Feb 4, 2022.
             The game lasted 00:06:54 (370 turns).

AttackBeaver the Ruffian (Troll Berserker)           Turns: 370, Time: 00:06:55

Health: 22/22      AC:  5    Str: 24    XL:     1   Next: 83%
Magic:  0/0        EV: 10    Int:  3    God:    Trog [*.....]
Gold:   21         SH:  0    Dex:  9    Spells: 0/0 levels left

rFire   . . .      SeeInvis .     - Unarmed
rCold   . . .      Faith    .   (no shield)
rNeg    . . .      Spirit   .   a - +0 animal skin
rPois   .          Reflect  .   (helmet restricted)
rElec   .          Harm     .   (no cloak)
rCorr   .          Rampage  .   (gloves unavailable)
Will    .....                   (boots unavailable)
Stlth   +.........              (no amulet)
HPRegen 1.67/turn               (no ring)
MPRegen 0.07/turn               (no ring)

@: no status effects
A: large, unfitting armour, claws 3, regeneration 2, shaggy fur 1, tough skin 2
a: Renounce Religion, Berserk


You were on level 2 of the Dungeon.
You worshipped Trog.
Trog was aware of your devotion.
You visited 1 branch of the dungeon, and saw 2 of its levels.

You collected 21 gold pieces.

Inventory:

Hand Weapons
 i - a +2 hunting sling of flaming
Missiles
 c - a throwing net (quivered)
 d - 26 stones
 f - 9 bolts of frost
 g - 20 bolts
 h - 6 poisoned darts
Armour
 a - a +0 animal skin (worn)
 e - a +0 robe
Comestibles
 b - 2 removed foods


   Skills:
 + Level 2.5 Fighting
 + Level 2.6 Dodging
 + Level 3.1 Unarmed Combat


You couldn't memorise any spells.
You didn't know any spells.
Your spell library was empty.

Dungeon Overview and Level Annotations

Branches:
Dungeon (2/15)

Altars:


Innate Abilities, Weirdness & Mutations

You are too large for most types of armour.
You have claws for hands.
You heal very quickly.
You are covered in fur. (AC +1)
You have very tough skin. (AC +2)


Message History

Things that are here:
a -2 club; a bat corpse
There is an open gate here.
You claw the fungus!
The fungus begins to die.
The fungus is moderately damaged.
A nearby fungus withers and dies.
There is an open door here.
There is a stone staircase leading down here.
You climb downwards.
There is a stone staircase leading up here.
Found 6 poisoned darts.
Found an escape hatch in the floor.
Found a runed hunting sling.
Found a stone staircase leading down.
You see here 6 poisoned darts.
h - 6 poisoned darts You see here a +2 hunting sling of flaming.
i - a +2 hunting sling of flaming Unknown command.
Throw: throwing net
Press: ? - help, Q - select action, (/) - cycle Shift-Dir - straight line, f - you
Okay, then.
As you open the door, it creaks loudly!
Found 13 gold pieces.
There is an open door here.
You now have 13 gold pieces.
You open the door.
Found 8 gold pieces.
There is an open door here.
You now have 21 gold pieces (gained 8).
You open the door.
Found 25 stones.
There is an open door here.
d - 26 stones (gained 25) Unknown command.
Welcome back, AttackBeaver the Troll Berserker.
Trog says: Kill them all!
Press ? for a list of commands and other information.
Unknown command.
Are you sure you want to abandon this character and quit the game? (Confirm with "yes".)

######## #......# #
#......# # #......# #
#......# # # #......# #
#.#### #......# #
##.#....###......#######
.......@.........'.....'
...####.###......#######
#.# #......# # #.#
#......# # #.# #......#
# #.# ######## # #.# #.#


There were no monsters in sight!

Vanquished Creatures
  A removed leopard gecko (D:1)
  2 bats (D:1)
  A hobgoblin (D:1)
  A kobold (D:1)
5 creatures vanquished.

Vanquished Creatures (others)
  A fungus (D:1)
1 creature vanquished.

Grand Total: 6 creatures vanquished

Notes
Turn   | Place    | Note
-------+----------+-------------------------------------------
     0 | D:1      | AttackBeaver the Troll Berserker began the quest for the
                  | Orb.
     0 | D:1      | Reached XP level 1. HP: 22/22 MP: 0/0
   242 | D:1      | Upgraded the game from 0.26-a0-259-g1effd001a9 to
                  | 0.29-a0-82-g837932c90e
   370 | D:2      | Quit the game

Illustrated notes

Levels and vault maps discovered:
D:1:      dpeg_arrival_water_fire
D:2:      layout_basic

Action                   || total
-------------------------++-------
Melee: Unarmed           ||    21

Table legend: (Time is in decaauts)
 A = Elapsed time spent in this place.
 B = Non-inter-level travel time spent in this place.
 C = Inter-level travel time spent in this place.
 D = Time resting spent in this place.
 E = Time spent auto-exploring this place.
 F = Levels seen in this place.
 G = Mean time per level.
                   A        B        C        D        E       F      G
               +--------+--------+--------+--------+--------+-----+--------+
         Total |    390 |    269 |    121 |      0 |      0 |   2 |  195.0 |
       Dungeon |    390 |    269 |    121 |      0 |      0 |   2 |  195.0 |
               +--------+--------+--------+--------+--------+-----+--------+

Top non-repeatable levels by time:
     D:2: 72 daAuts
     D:1: 54 daAuts
Note: time per level data comes from an upgraded game and may be incomplete.
